 Dungeon Sprint DCSS version 0.22.1-2-g9c5b331 (webtiles) character file.

1258 diana the Grappler (level 8, -4/92 HPs)
             Began as a Troll Hunter on Dec 23, 2018.
             Was an Initiate of Okawaru.
             Slain by Snorg (12 damage)
             ... in the Dungeon (Sprint III: "The Ten Rune Challenge").
             The game lasted 00:03:32 (460 turns).

diana the Grappler (Troll Hunter)                    Turns: 460, Time: 00:03:32

Health: -4/92      AC:  6    Str: 23    XL:     8   Next: 27%
Magic:  7/7        EV: 14    Int:  7    God:    Okawaru [......]
Gold:   46         SH:  0    Dex: 12    Spells: 7/7 levels left

rFire    . . .     SeeInvis .     - Unarmed
rCold    . . .     Gourm    +   (no shield)
rNeg     . . .     Faith    .   b - +0 robe
rPois    .         Spirit   .   (helmet restricted)
rElec    .         Reflect  .   m - +0 cloak {MR+}
rCorr    .         Harm     .   (gloves unavailable)
MR       ++...     NoTele   +   (boots unavailable)
Stlth    ++........             (no amulet)
HPRegen  0.65/turn              (no ring)
MPRegen  0.10/turn              (no ring)

@: no status effects
A: large, unfitting armour, claws 3, horns 1, thin skeletal structure 1, fast
metabolism 3, gourmand, magic resistance 1, regeneration 1, shaggy fur 1, tough
skin 2
a: Renounce Religion


You were in the Dungeon.
You worshipped Okawaru.
Okawaru was noncommittal.
You were not hungry.

You visited 1 branch You collected 46 gold pieces.

Inventory:

Missiles
 c - 5 large rocks (quivered)
Armour
 b - a +0 robe (worn)
 m - a +0 cloak of magic resistance (worn)
Scrolls
 a - 4 scrolls of identify
 k - a scroll of blinking
 o - 2 scrolls of torment {unknown}
 p - a scroll of remove curse {unknown}
 r - a scroll of amnesia {unknown}
Potions
 e - a potion of curing
 h - a potion of haste
 i - 2 potions of magic
 j - 2 potions of berserk rage
 l - 4 potions of flight
 q - a potion of agility {unknown}
Miscellaneous
 s - a crystal ball of energy
Comestibles
 f - 5 rations


   Skills:
 + Level 9.0 Fighting
 - Level 4.5 Throwing
 + Level 9.0 Dodging
 - Level 0.3 Stealth
 + Level 10.4 Unarmed Combat


You had 7 spell levels left.
You didn't know any spells.
Your spell library contained the following spells:

 Spells                   Type           Power        Failure   Level  Hunger
 Animate Skeleton         Necr           N/A          43%         1    ##.....
 Apportation              Tloc           #.....       43%         1    ##.....
 Confusing Touch          Hex            #.....       43%         1    ##.....
 Summon Small Mammal      Summ           #...         43%         1    ##.....
 Confuse                  Hex            #.......     80%         3    ####...
 Gell's Gravitas          Tloc           #.........   80%         3    ####...
 Petrify                  Tmut/Erth      #.......     99%         4    #####..
 Metabolic Englaciation   Hex/Ice        #.........   100%        5    ######.
 Yara's Violent Unravell  Hex/Tmut       #.........   100%        5    ######.


Dungeon Overview and Level Annotations

Branches:
Dungeon (1/1)

Altars:
Cheibriados
Dithmenos
Elyvilon
Fedhas
Gozag
Hepliaklqana
Kikubaaqudgha
Makhleb
Nemelex Xobeh
Okawaru
Qazlal
Ru
Sif Muna
Trog
Uskayaw
Vehumet
Wu Jian
Xom
Yredelemnul
Zin
The Shining One
Beogh
Jiyva
Lugonu

Annotations:
D Snorg


Innate Abilities, Weirdness & Mutations

You are too large for most types of armour.
You have claws for hands.
Your metabolism is lightning-fast.
You like to eat raw meat.
Your natural rate of healing is unusually fast.
You are covered in fur. (AC +1)
You have very tough skin. (AC +2)
You have a pair of small horns on your head.
You have a somewhat thin skeletal structure. (Dex +2, Stealth)
You are resistant to hostile enchantments. (MR+)


Message History

Press: ? - help, Shift-Dir - straight line, f/p - Snorg
Aim: Snorg (black smoke, moderately wounded, berserk, fast, unusually strong)
You throw a throwing net. The throwing net hits Snorg.
Snorg is caught in the net!
Snorg is moderately wounded.
Snorg struggles against the net.
You feel much better.
Snorg struggles against the net. x2
You mangle Snorg!! You headbutt Snorg!
Snorg is severely wounded.
Snorg struggles against the net.
The net rips apart, and Snorg comes free!
You closely miss Snorg. Your claw misses Snorg.
Snorg is severely wounded.
Snorg completely misses you. Snorg claws you. Snorg misses you.
You closely miss Snorg. You headbutt Snorg.
Snorg is severely wounded.
Snorg bites you!!
* * * LOW HITPOINT WARNING * * *
Snorg barely misses you. Snorg claws you!
You die...

..#...#__.#)_#
..###'#)###'##
..#..........#
..'.⌠........#
..#..)######'#
..#.⌠.#__#...#+#####
..#...#__#...#..§≈≈+
..#'###__#...#.#§§§#
..#)).#__#...'.#@§§#
..#___#__'...#.#§T§#
▓▓▓▓▓▓▓▓▓▓▓▓▓▓▓▓▓▓▓▓


You could see Snorg (berserk).

Vanquished Creatures
  A deep elf mage (D)
  A shadow (D)
  A spatial vortex (D)
  A necrophage (D)
  A water elemental (D)
  A jelly (D)
  Crazy Yiuf (D)
  A wizard (D)
  A necromancer (D)
  3 humans (D)
  A kobold demonologist (D)
  2 oozes (D)
  2 rats (D)
17 creatures vanquished.

Vanquished Creatures (others)
  2 draconian scorchers (D)
  6 hellions (D)
  A yaktaur (D)
9 creatures vanquished.

Grand Total: 26 creatures vanquished

Notes
Turn   | Place    | Note
-------+----------+-------------------------------------------
     0 | D        | diana the Troll Hunter began the quest for the Orb.
     0 | D        | Reached XP level 1. HP: 19/19 MP: 0/0
    11 | D        | Reached skill level 1 in Unarmed Combat
    20 | D        | Reached XP level 2. HP: 28/28 MP: 1/1
    92 | D        | Reached skill level 2 in Unarmed Combat
    92 | D        | Reached XP level 3. HP: 19/36 MP: 2/2
    95 | D        | Killed a hellion
   110 | D        | Killed a hellion
   117 | D        | Killed a hellion
   127 | D        | Noticed Crazy Yiuf
   144 | D        | Killed a yaktaur
   155 | D        | Killed a white draconian scorcher
   156 | D        | Killed Crazy Yiuf
   156 | D        | Reached skill level 3 in Unarmed Combat
   196 | D        | Killed a hellion
   200 | D        | Killed a white draconian scorcher
   202 | D        | Gained mutation: Scrolls take you a little longer to read.
                  | [potion of mutation]
   202 | D        | Gained mutation: You are partially covered in yellow
                  | scales. (AC +2) [potion of mutation]
   202 | D        | Gained mutation: You expend magic power (3 MP) to
                  | strengthen your wands. [potion of mutation]
   203 | D        | Lost mutation: Scrolls take you a little longer to read.
                  | [potion of mutation]
   203 | D        | Lost mutation: You are partially covered in yellow scales.
                  | (AC +2) [potion of mutation]
   203 | D        | Gained mutation: Your magical capacity is low. (-10% MP)
                  | [potion of mutation]
   203 | D        | Gained mutation: You tend to lose your temper in combat.
                  | [potion of mutation]
   203 | D        | Gained mutation: You are robust. (+10% HP) [potion of
                  | mutation]
   204 | D        | Lost mutation: You expend magic power (3 MP) to strengthen
                  | your wands. [potion of mutation]
   204 | D        | Lost mutation: You tend to lose your temper in combat.
                  | [potion of mutation]
   204 | D        | Lost mutation: You are robust. (+10% HP) [potion of
                  | mutation]
   204 | D        | Gained mutation: Your mind is acute. (Int +2) [potion of
                  | mutation]
   204 | D        | Gained mutation: You are clumsy. (Dex -2) [potion of
                  | mutation]
   204 | D        | Gained mutation: You tend to lose your temper in combat.
                  | [potion of mutation]
   204 | D        | Gained mutation: You have a somewhat thin skeletal
                  | structure. (Dex +2, Stealth) [potion of mutation]
   205 | D        | Lost mutation: Your magical capacity is low. (-10% MP)
                  | [potion of mutation]
   205 | D        | Lost mutation: You are clumsy. (Dex -2) [potion of
                  | mutation]
   205 | D        | Lost mutation: You tend to lose your temper in combat.
                  | [potion of mutation]
   205 | D        | Lost mutation: Your mind is acute. (Int +2) [potion of
                  | mutation]
   205 | D        | Gained mutation: You are resistant to hostile enchantments.
                  | (MR+) [potion of mutation]
   205 | D        | Gained mutation: You have a pair of small horns on your
                  | head. [potion of mutation]
   205 | D        | Killed a hellion
   222 | D        | Noticed a water elemental
   224 | D        | Killed a water elemental
   224 | D        | Reached skill level 4 in Unarmed Combat
   224 | D        | Reached XP level 4. HP: 49/49 MP: 3/3
   229 | D        | Found a radiant altar of Vehumet.
   229 | D        | Found a deep blue altar of Sif Muna.
   229 | D        | Found an ancient bone altar of Kikubaaqudgha.
   229 | D        | Noticed a wizard
   232 | D        | Killed a wizard
   232 | D        | Reached skill level 5 in Unarmed Combat
   232 | D        | Reached XP level 5. HP: 55/55 MP: 4/4
   236 | D        | Reached skill level 5 in Fighting
   236 | D        | Reached skill level 5 in Dodging
   249 | D        | Found a glowing silver altar of Zin.
   249 | D        | Found a glowing golden altar of the Shining One.
   249 | D        | Found a white marble altar of Elyvilon.
   250 | D        | Noticed a deep elf mage
   259 | D        | Killed a deep elf mage
   259 | D        | Reached skill level 8 in Unarmed Combat
   259 | D        | Reached XP level 6. HP: 59/71 MP: 5/5
   259 | D        | Reached XP level 7. HP: 65/78 MP: 6/6
   279 | D        | Found a hide-covered altar of Uskayaw.
   279 | D        | Found a roughly hewn altar of Beogh.
   279 | D        | Found an iron altar of Okawaru.
   279 | D        | Found a bloodstained altar of Trog.
   279 | D        | Found an ornate altar of the Wu Jian Council.
   279 | D        | Noticed a human
   279 | D        | Noticed a human
   284 | D        | Killed a hellion
   285 | D        | Killed a human
   285 | D        | Reached skill level 9 in Unarmed Combat
   294 | D        | Killed a human
   330 | D        | Found a basalt altar of Yredelemnul.
   330 | D        | Found a shadowy altar of Dithmenos.
   330 | D        | Found a sacrificial altar of Ru.
   350 | D        | Became a worshipper of Warmaster Okawaru
   358 | D        | Noticed a shadow
   360 | D        | Killed a shadow
   360 | D        | Reached skill level 10 in Unarmed Combat
   360 | D        | Reached XP level 8. HP: 90/90 MP: 7/7
   366 | D        | Found a blossoming altar of Fedhas.
   366 | D        | Found a stormy altar of Qazlal.
   366 | D        | Found a snail-covered altar of Cheibriados.
   366 | D        | Found a burning altar of Makhleb.
   366 | D        | Found a shimmering altar of Xom.
   367 | D        | Found a hazy altar of Hepliaklqana.
   367 | D        | Found an opulent altar of Gozag.
   367 | D        | Found a sparkling altar of Nemelex Xobeh.
   367 | D        | Found a corrupted altar of Lugonu.
   367 | D        | Found a viscous altar of Jiyva.
   448 | D        | Noticed Snorg
   460 | D        | Slain by Snorg

Skill      XL: |  1  2  3  4  5  6  7  8 |
---------------+-------------------------+-----
Fighting       | 2 4 7 8 9 |  9.0
Dodging        | 2 4 7 8 9 |  9.0
Unarmed Combat | 1 2 4 5 8 10 | 10.4
Throwing       | 4 |  4.5
Stealth        | |  0.3

Action                   |  1- 3 |  4- 6 |  7- 9 || total
-------------------------+-------+-------+-------++-------
Melee: Unarmed           |    33 |    11 |    35 ||    79
       Headbutt          |       |     2 |    11 ||    13
       Punch             |       |       |     3 ||     3
Throw: Large rock        |     5 |       |     1 ||     6
       Throwing net      |       |       |     2 ||     2
  Use: Potion            |     4 |       |     1 ||     5
 Stab: Sleeping          |     1 |       |     2 ||     3
  Eat: Chunk             |       |       |     1 ||     1
Armor: Robe              |     6 |     6 |     3 ||    15
Dodge: Dodged            |    18 |     6 |    16 ||    40
